 Dungeon Crawl Stone Soup version 0.30-a0-586-g23e55c9e0a (webtiles) character file.

Game seed: 11813120534596964464

60 Shayle the Conjurer (level 3, -2/28 HPs)
             Began as a Demonspawn Reaver on Jan 3, 2023.
             Engulfed by a cloud of poison gas (7 damage)
             ... on level 2 of the Dungeon.
             The game lasted 00:03:28 (1236 turns).

Shayle the Conjurer (Demonspawn Reaver)             Turns: 1236, Time: 00:03:28

Health: -2/28      AC:  5    Str: 12    XL:     3   Next: 80%
Magic:  6/6        EV: 16    Int: 16    God:
Gold:   25         SH:  0    Dex: 11    Spells: 5/6 levels left

rFire   + . .      SeeInvis .    a - +0 spear
rCold   . . .      Faith    .    (no shield)
rNeg    . . .      Spirit   .    b - +0 leather armour
rPois   .          Reflect  .    (no helmet)
rElec   .          Harm     .    (no cloak)
rCorr   .          Rampage  .    l - +0 pair of gloves
Will    .....                    e - +0 pair of boots
Stlth   +                        (no amulet)
HPRegen 0.24/turn                c - +5 ring of evasion
MPRegen 0.10/turn                i - ring of protection from fire

@: lethally poisoned (-2 -> -18), weak-willed, flying
A: foul stench 1
a: no special abilities


You were on level 2 of the Dungeon.
You visited 1 branch of the dungeon, and saw 2 of its levels.

You collected 25 gold pieces.

Inventory:

Hand Weapons
 a - a +0 spear (weapon)
Missiles
 m - 2 throwing nets
Armour
 b - a +0 leather armour (worn)
 e - a +0 pair of boots (worn)
 l - a +0 pair of gloves (worn)
Jewellery
 c - a +5 ring of evasion (left hand)
 i - a ring of protection from fire (right hand)
Potions
 d - a potion of haste


   Skills:
 + Level 2.6 Fighting
 - Level 2.6 Polearms
 + Level 2.3 Dodging
 - Level 2.0 Spellcasting
 - Level 3.0 Conjurations
 + Level 1.7 Necromancy
 + Level 1.4 Earth Magic


You had 5 spell levels left.
You knew the following spells:

 Your Spells              Type           Power      Damage    Failure   Level
a - Kiss of Death         Conj/Necr      36%        2d8       10%         1

Your spell library contained the following spells:

 Spells                   Type           Power      Damage    Failure   Level
 Momentum Strike          Conj/Tloc      12%        3d8       22%         2
 Beastly Appendage        Tmut           2%         N/A       26%         1
 Blink                    Tloc           2%         N/A       36%         2
 Wereblood                Tmut           1%         N/A       36%         2
 Hailstorm                Conj/Ice       6%         3d4       38%         3
 Spider Form              Tmut/Pois      1%         N/A       61%         3
 Manifold Assault         Tloc           1%         N/A       95%         4
 Storm Form               Tmut/Air       0%         N/A       100%        7


Dungeon Overview and Level Annotations

Branches:
Dungeon (2/15)

Altars:


Innate Abilities, Weirdness & Mutations

You may rarely emit foul miasma when damaged in melee.


Message History

Okay, then.
Okay, then.
You hit the rat.
You kill the rat!
The bat misses you. x2; The gnoll completely misses you.
The gnoll hits you from afar with a +0 spear.
* * * LOW HITPOINT WARNING * * *
The gnoll closely misses you. The goblin barely misses you.
The frilled lizard barely misses you. The goblin attacks as you move away!
The goblin closely misses you.
The frilled lizard attacks as you move away!
The frilled lizard barely misses you. The gnoll attacks as you move away!
The gnoll barely misses you. The bat closely misses you.
The gnoll barely misses you.
You see here a rat corpse.
The bat attacks as you move away! The bat barely misses you.
The bat misses you. The bat hits you.
* * * LOW HITPOINT WARNING * * *
The air fills with toxic fumes!
As you read the scroll labelled OSINAR AJOSME, it crumbles to dust.
It was a scroll of poison.
The bat barely misses you. x2
As you read the scroll labelled AFFUSS TAITENU, it crumbles to dust.
Magic quickly surges around you.
It was a scroll of vulnerability.
The bat barely misses you. The bat misses you.
The bat hits you but does no damage.
As you read the scroll labelled NASMENO FAOCOO, it crumbles to dust.
You feel aware of your surroundings.
It was a scroll of magic mapping.
The bat misses you. The bat closely misses you.
The gnoll hits you from afar with a +0 spear.
* * * LOW HITPOINT WARNING * * *
It was a potion of flight.
You feel very buoyant.
You fly up into the air.
The gnoll hits you but does no damage. The bat hits you but does no damage.
Really fly into that cloud of poison gas? [Y]es or [N]o only, please.
Really fly into that cloud of poison gas?
You are engulfed in poison gas.
You are lethally poisoned!
You die...

*,,,,,,§§§§§§#*,*
*,,*
*******#§§#§§#*,*
*,,* #§§§§§#*,#
*,,* #§§§§.#*.#*
*,,*
#g.§..#...****,,* #
#gg.....#,,,,,,,* #
#b#g.##...****,,**#
**######.#Sl#*****
*,,,..
*§§§§§§§§@§§#
**,,..
*§###§###§§§#
**********##
*,**#,* #§§§#
*,,,,,,,,,,,
*,**,,**#§§§#
*,**********
*,**,,,,.§### *,* *
*,**,**,### *,* *
*,**,**,* *,* *
*,**,**,* *,*
******* *,**,**,*
*,* *,,,,,,


You could see 2 gnolls, an adder, a goblin (weak-willed), a bat (weak-willed)
and a frilled lizard.

Vanquished Creatures
  A gnoll (D:2)
  2 adders (D:2)
  A dart slug (D:1)
  A bat (D:2)
  An endoplasm (D:1)
  2 giant cockroaches
  4 goblins
  5 hobgoblins (D:1)
  A quokka (D:2)
  A ball python (D:1)
  A frilled lizard (D:1)
  3 kobolds
  7 rats
30 creatures vanquished.

Notes
Turn   | Place    | Note
-------+----------+-------------------------------------------
     0 | D:1      | Shayle the Demonspawn Reaver began the quest for the Orb.
     0 | D:1      | Reached XP level 1. HP: 16/16 MP: 3/3
   176 | D:1      | Gained mutation: You may rarely emit foul miasma when
                  | damaged in melee. [demonic ancestry]
   176 | D:1      | Reached XP level 2. HP: 21/22 MP: 5/5
   304 | D:1      | Reached skill level 1 in Necromancy
   618 | D:1      | Found a faded altar of an unknown god.
   946 | D:2      | Reached skill level 1 in Earth Magic
   946 | D:2      | Reached XP level 3. HP: 25/28 MP: 6/6
  1236 | D:2      | Engulfed by a cloud of poison gas

Illustrated notes

Levels and vault maps discovered:
D:1:      nicolae_arrival_washed_ashore, layout_basic,
          nicolae_ecumenical_lake_church
D:2:      layout_loops_ring

Skill      XL: |  1  2 |
---------------+-------+-----
Dodging        | 2 |  2.3
Necromancy     | 1 |  1.7
Earth Magic    | 1 |  1.4
Fighting       | |  2.6
Polearms       | |  2.6
Spellcasting   | |  2.0
Conjurations   | |  3.0

Action                   || total
-------------------------++-------
Melee: Spear             ||   142
  Use: Scroll            ||     5
       Potion            ||     1
Armor: Leather armour    ||    30
Dodge: Dodged            ||   143

Table legend: (Time is in decaauts)
 A = Elapsed time spent in this place.
 B = Non-inter-level travel time spent in this place.
 C = Inter-level travel time spent in this place.
 D = Time resting spent in this place.
 E = Time spent auto-exploring this place.
 F = Levels seen in this place.
 G = Mean time per level.
                   A        B        C        D        E       F      G
               +--------+--------+--------+--------+--------+-----+--------+
         Total |   1230 |   1197 |     33 |    102 |    771 |   2 |  615.0 |
       Dungeon |   1230 |   1197 |     33 |    102 |    771 |   2 |  615.0 |
               +--------+--------+--------+--------+--------+-----+--------+

Top non-repeatable levels by time:
     D:1: 928 daAuts
     D:2: 302 daAuts
